 Dungeon Crawl Stone Soup version 0.17.1-3-g152610e (webtiles) character file.

10388 juanjsm the Unseen (level 11, -1/52 HPs)
             Began as a Spriggan Enchanter on Apr 19, 2016.
             Was a Believer of Ashenzari.
             Slain by a boulder beetle (38 damage)
             ... on level 2 of the Lair of Beasts.
             The game lasted 00:57:22 (9163 turns).

juanjsm the Unseen (Spriggan Enchanter)             Turns: 9163, Time: 00:57:22

Health: -1/52      AC:  6    Str:  4    XL:     11   Next: 35%
Magic:  13/26      EV: 26    Int: 18    God:    Ashenzari [**....]
Gold:   414        SH:  0    Dex: 19    Spells: 7 memorised, 11 levels left

rFire  . . .     SeeInvis +     s - +1 dagger (venom)
rCold  . . .     Clarity  .     b - +1 robe (curse)
rNeg   . . .     SustAt   .     (shield restricted)
rPois  .         Gourm    .     (helmet restricted)
rElec  .         Spirit   .     l - +2 cloak (curse)
rCorr  .         Warding  .     (gloves unavailable)
rMut   .         Stasis   .     (boots unavailable)
MR     +....                    (no amulet)
Stlth  ++++++++..               (no ring)
                                w - ring of invisibility

@: very slightly contaminated, very quick, somewhat resistant to hostile
enchantments, extraordinarily stealthy
A: unfitting armour, see invisible, herbivore 3, speed 3, slow metabolism 2
a: Scrying, Renounce Religion, Evoke Invisibility


You were on level 2 of the Lair of Beasts.
You worshipped Ashenzari.
Ashenzari was pleased with you.
You were not hungry.

You visited 3 branches of the dungeon, and saw 13 of its levels.

You collected 414 gold pieces.

Inventory:

Hand Weapons
 s - a +1 dagger of venom (weapon)
Armour
 b - a cursed +1 robe (worn)
 l - a cursed +2 cloak (worn)
 y - the cursed +0 robe "Kaanimpa" {*Corrode rC+++ MP+9}
   (You found it on level 7 of the Dungeon)

   It renders you almost immune to cold.
   It affects your magic capacity (+9).
   It may corrode your equipment when you take damage.
   It has a curse placed upon it.
 B - a +0 robe of cold resistance
 I - a +0 buckler
Jewellery
 w - a ring of invisibility (left hand)
Wands
 p - a wand of cold (10)
 u - a wand of slowing (8)
 F - a wand of lightning (12)
 H - a wand of paralysis (15)
Scrolls
 e - a scroll of immolation {unknown}
 g - 2 scrolls of magic mapping {unknown}
 h - 2 scrolls of teleportation {unknown}
 k - 2 scrolls of enchant weapon {unknown}
 m - 4 scrolls of identify
 n - a scroll of recharging
 q - a scroll of curse jewellery
 r - 9 scrolls of remove curse
 x - 2 scrolls of blinking {unknown}
 z - 2 scrolls of holy word {unknown}
 A - a scroll of random uselessness {unknown}
 C - a scroll of fear {unknown}
Potions
 a - 2 potions of lignification
 f - 6 potions of curing
 i - 4 potions of agility
 j - a potion of might
 o - a potion of cancellation
 t - 3 potions of heal wounds
 v - a potion of cure mutation
 G - a potion of resistance
Books
 c - a book of Maledictions

   Spells                             Type                      Level
   a - Corona                         Hexes                        1
   b - Ensorcelled Hibernation        Hexes/Ice                    2
   c - Confuse                        Hexes                        3
   d - Tukima's Dance                 Hexes                        3
   e - Dazzling Spray                 Conjuration/Hexes            3
 D - a book of Necromancy

   Spells                             Type                      Level
   a - Pain                           Necromancy                   1
   b - Animate Skeleton               Necromancy                   1
   c - Vampiric Draining              Necromancy                   3
   d - Regeneration                   Charms/Necromancy            3
   e - Animate Dead                   Necromancy                   4
   f - Control Undead                 Necromancy                   4
 E - a book of Debilitation

   Spells                             Type                      Level
   a - Corona                         Hexes                        1
   b - Slow                           Hexes                        2
   c - Gell's Gravitas                Hexes/Translocation          3
   d - Inner Flame                    Hexes/Fire                   3
   e - Cause Fear                     Hexes                        4
   f - Leda's Liquefaction            Hexes/Earth                  4
Comestibles
 d - 7 bread rations


   Skills:
 * Level 3.5 Fighting
 * Level 5.0 Short Blades
 + Level 8.0(9.5) Dodging
 + Level 15.0(16.2) Stealth
 + Level 10.4 Spellcasting
 + Level 0.1 Conjurations
 + Level 9.6 Hexes
 + Level 4.4 Ice Magic
 + Level 0.6 Evocations


You had 11 spell levels left.
You knew the following spells:

 Your Spells              Type           Power        Failure   Level  Hunger
a - Corona                Hex            #####..      1%          1    None
b - Ensorcelled Hibernat  Hex/Ice        ####..       1%          2    None
c - Confuse               Hex            #####...     1%          3    None
d - Dazzling Spray        Conj/Hex       ####....     3%          3    None
e - Cause Fear            Hex            #####.....   1%          4    ###....
f - Inner Flame           Hex/Fire       ####....     3%          3    None
g - Regeneration          Chrm/Necr      #.........   24%         3    None


Dungeon Overview and Level Annotations

Branches:
Dungeon (9/15)             Temple (1/1) D:5            Lair (3/8) D:9
  Swamp (0/4) Lair:3
  Snake: Lair:3-6    Spider: Lair:3-6       Orc: D:9-12

Altars:
Ashenzari
Cheibriados
Dithmenos
Elyvilon
Fedhas
Gozag
Kikubaaqudgha
Makhleb
Nemelex Xobeh
Okawaru
Qazlal
Ru
Sif Muna
Trog
Vehumet
Xom
Yredelemnul
Zin
The Shining One

Annotations:
Lair:1 exclusion: oklob plant


Innate Abilities, Weirdness & Mutations

You are tiny and cannot use many weapons and most armour.
You have supernaturally acute eyesight.
You are a herbivore.
You cover ground extremely quickly.
You need consume almost no food.


Message History

Confirm with . or Enter, or press ? or * to list all spells.
Aiming: Ensorcelled Hibernation
Press: ? - help, Shift-Dir - straight line, f - boulder beetle
Aim: a boulder beetle (sparse dust, chance to defeat MR: 45%)
The boulder beetle resists with some effort.
The boulder beetle barely misses you.
Casting: Ensorcelled Hibernation
Confirm with . or Enter, or press ? or * to list all spells.
Aiming: Dazzling Spray
Press: ? - help, Shift-Dir - straight line, f/p - boulder beetle
Aim: a boulder beetle (sparse dust)
The spray of energy hits the boulder beetle.
The spray of energy hits the blink frog.
The blink frog is lightly wounded.
The blink frog is dazzled.
The blink frog completely misses you.
You hit the blink frog.
The blink frog is poisoned.
The blink frog is moderately wounded.
The blink frog completely misses you. The boulder beetle bites you!!!
Ouch! That really hurt!
You die...

......#####.............#........
.......##.#.<....###..P###P......
................#......# *#......
.##.......#..........#.# #...#.P
..####.....#....#...#........ ###
...###..>..........####..., ##
......#.............##...... *#.
......<...##.............##. ##
.......##..§##..@......... #.
...........##..BF.....## ...####
..........##..........# .......
........................ B.§.###
...........#............ .., #
..#.P##............####. ,, #
.#..## ....#####.... , . .##.#
##..P **.....#, , . ..#.# *....
,..P.. , .


You could see a boulder beetle and a blink frog (blind).

Vanquished Creatures
  A hydra (Lair:2)
  2 spiny frogs (Lair:2)
  6 komodo dragons
  7 blink frogs
  4 hippogriffs
  5 yaks (Lair:2)
  A basilisk (Lair:2)
  A hungry ghost (D:9)
  Edmund (D:6)
  The ghost of DEFE the Ducker, an amateur DEFi of Okawaru (D:3)
  An orc warrior (D:8)
  2 water moccasins (Lair:1)
  A porcupine (Lair:2)
  2 sky beasts
  4 phantoms
  3 black bears
  A necrophage (D:9)
  8 ogres
  3 crocodiles (Lair:1)
  2 centaurs
  A gnoll sergeant (D:8)
  9 giant frogs
  A water moccasin zombie (D:8)
  A scorpion (D:6)
  4 wights (D:7)
  2 crimson imps (D:5)
  8 orc wizards
  A quasit (D:7)
  A hound (D:8)
  A jelly (D:7)
  4 orc priests
  9 iguanas
  Crazy Yiuf (D:2)
  A centaur skeleton (D:4)
  2 giant frog zombies
  Ijyb (D:2)
  A hell rat (D:9)
  A gnoll shaman (D:7)
  2 worker ants
  2 hound zombies
  A hound skeleton (D:7)
  7 adders
  11 gnolls
  17 river rats
  A shadow imp (D:9)
  An ooze (D:3)
  3 adder skeletons
  An adder zombie (D:7)
  2 worms
  4 giant geckos
  23 orcs
  4 goblins
  6 hobgoblins
  6 jackals
  A ball python skeleton (D:4)
  A bat (D:2)
  7 giant cockroaches
  2 giant gecko skeletons (D:4)
  9 giant newts
  3 kobolds
  4 quokkas
  10 rats
233 creatures vanquished.

Vanquished Creatures (others)
  A fungus (Lair:2)
  A plant (Lair:1)
2 creatures vanquished.

Grand Total: 235 creatures vanquished

Notes
Turn   | Place    | Note
--------------------------------------------------------------
     0 | D:1      | juanjsm the Spriggan Enchanter began the quest for the Orb.
     0 | D:1      | Reached XP level 1. HP: 9/9 MP: 5/5
   224 | D:2      | Reached XP level 2. HP: 13/13 MP: 4/6
   228 | D:2      | Learned a level 2 spell: Ensorcelled Hibernation
   780 | D:2      | Noticed Ijyb
   923 | D:2      | Found a faded altar to an unknown god.
  1138 | D:2      | Noticed Crazy Yiuf
  1147 | D:2      | Killed Crazy Yiuf
  1147 | D:2      | Reached skill level 5 in Stealth
  1147 | D:2      | Reached XP level 3. HP: 11/16 MP: 1/8
  1180 | D:2      | Found a sparkling altar of Nemelex Xobeh.
  1468 | D:2      | Learned a level 3 spell: Confuse
  1499 | D:2      | Killed Ijyb
  1499 | D:2      | Reached XP level 4. HP: 21/21 MP: 5/10
  1586 | D:3      | Noticed DEFE's ghost (amateur DEFi)
  1674 | D:4      | Noticed a phantom
  1681 | D:5      | Entered Level 5 of the Dungeon
  1907 | D:5      | Found a staircase to the Ecumenical Temple.
  1921 | Temple   | Entered the Ecumenical Temple
  2058 | Temple   | Became a worshipper of Ashenzari the Shackled
  2123 | D:5      | Noticed an ogre
  2131 | D:5      | Killed an ogre
  2131 | D:5      | Reached skill level 6 in Stealth
  2131 | D:5      | Reached skill level 5 in Hexes
  2131 | D:5      | Reached skill level 1 in Ice Magic
  2131 | D:5      | Reached XP level 5. HP: 24/24 MP: 10/12
  2162 | D:4      | Noticed an ogre
  2604 | D:4      | Noticed an ogre
  2608 | D:3      | Reached XP level 6. HP: 10/28 MP: 10/13
  2626 | D:3      | Learned a level 3 spell: Dazzling Spray
  2985 | D:3      | Killed DEFE's ghost
  2985 | D:3      | Reached skill level 7 in Stealth
  3265 | D:4      | Killed an ogre
  3265 | D:4      | Reached skill level 5 in Spellcasting
  3317 | D:4      | Reached skill level 8 in Stealth
  3317 | D:4      | Reached XP level 7. HP: 27/32 MP: 9/15
  3339 | D:4      | Noticed a phantom
  3342 | D:4      | Found a stormy altar of Qazlal.
  3365 | D:4      | Killed a phantom
  3372 | D:4      | Noticed an ogre
  3372 | D:4      | Noticed an ogre
  3390 | D:4      | Killed an ogre
  3678 | D:4      | Killed a phantom
  3678 | D:4      | Reached skill level 9 in Stealth
  3688 | D:4      | Killed an ogre
  3728 | D:4      | Killed an ogre
  3767 | D:4      | Reached XP level 8. HP: 34/37 MP: 2/18
  3775 | D:4      | Found a deep blue altar of Sif Muna.
  3789 | D:4      | Reached skill level 10 in Stealth
  4476 | D:5      | Noticed a centaur
  4488 | D:5      | Killed a centaur
  4579 | D:6      | Noticed Edmund
  4637 | D:6      | Killed Edmund
  4637 | D:6      | Reached skill level 1 in Fighting
  4914 | D:6      | Reached skill level 11 in Stealth
  5207 | D:7      | Reached * piety under Ashenzari
  5275 | D:7      | Identified the cursed +0 robe "Kaanimpa" {*Corrode rC+++ MP+9}
  5544 | D:7      | Reached XP level 9. HP: 41/41 MP: 9/20
  5892 | D:7      | Reached skill level 12 in Stealth
  6087 | D:8      | Found a radiant altar of Vehumet.
  6279 | D:8      | Reached skill level 5 in Dodging
  6303 | D:8      | Found a deep blue altar of Sif Muna.
  6843 | D:8      | Reached skill level 13 in Stealth
  6908 | D:8      | Found a blossoming altar of Fedhas.
  6955 | D:8      | Learned a level 4 spell: Cause Fear
  6959 | D:8      | Learned a level 3 spell: Inner Flame
  6963 | D:8      | Learned a level 3 spell: Regeneration
  7090 | D:9      | Found a staircase to the Lair.
  7226 | D:9      | Reached ** piety under Ashenzari
  7234 | D:9      | Reached XP level 10. HP: 31/46 MP: 13/23
  7281 | D:9      | Found a sacrificial altar of Ru.
  7286 | D:9      | Found a glowing silver altar of Zin.
  7377 | Lair:1   | Entered Level 1 of the Lair of Beasts
  7410 | Lair:3   | Found a staircase to the Swamp.
  7481 | Lair:1   | Noticed an oklob plant
  7980 | Lair:1   | Noticed an elephant
  8222 | Lair:2   | Reached skill level 14 in Stealth
  8288 | Lair:2   | Noticed a four-headed hydra
  8295 | Lair:2   | Killed a four-headed hydra
  8295 | Lair:2   | Reached skill level 10 in Spellcasting
  8738 | Lair:2   | Reached XP level 11. HP: 50/52 MP: 26/26
  8841 | Lair:2   | Noticed a black mamba
  8947 | Lair:2   | Reached skill level 15 in Stealth
  9151 | Lair:2   | Reached skill level 5 in Short Blades
  9163 | Lair:2   | Slain by a boulder beetle

Action                   |  1- 3 |  4- 6 |  7- 9 | 10-12 || total
-------------------------+-------+-------+-------+-------++-------
Melee: Dagger            |    53 |    69 |   281 |   131 ||   534
 Cast: Corona            |     7 |     2 |     1 |       ||    10
       Ensorcelled Hiber |    11 |    21 |    46 |    57 ||   135
       Confuse           |     1 |     7 |    39 |     5 ||    52
       Dazzling Spray    |       |       |    10 |     6 ||    16
       Regeneration      |       |       |     1 |       ||     1
Evoke: Wand              |       |       |     2 |       ||     2
  Use: Scroll            |       |     8 |     5 |     1 ||    14
 Stab: Sleeping          |    14 |    31 |    48 |    44 ||   137
       Confused          |     1 |     4 |    24 |     2 ||    31
       Invisible         |       |       |     4 |     3 ||     7
       Distracted        |       |       |     1 |     1 ||     2
  Eat: Pizza             |       |     1 |       |       ||     1
       Royal jelly       |       |       |     1 |       ||     1
       Bread ration      |       |       |     1 |       ||     1
